 Dungeon Crawl Stone Soup version 0.29.1-1-gd02db6906a (webtiles) character file.

Game seed: 17060972439912191934

135 MisterFreud the Covert (level 5, -3/47 HPs)
             Began as a Gnoll Delver on Oct 9, 2022.
             Splashed by a jelly's acid (4 damage)
             ... on level 6 of the Dungeon.
             The game lasted 00:00:35 (95 turns).

MisterFreud the Covert (Gnoll Delver)                 Turns: 95, Time: 00:00:36

Health: -3/47      AC:  0    Str: 11    XL:     5   Next: 18%
Magic:  7/7        EV: 13    Int: 12    God:
Gold:   0          SH:  0    Dex: 13    Spells: 6/6 levels left

rFire   . . .      SeeInvis .   a - +0 short sword
rCold   . . .      Faith    .   (no shield)
rNeg    . . .      Spirit   .   b - +0 leather armour
rPois   .          Reflect  .   (no helmet)
rElec   .          Harm     .   (no cloak)
rCorr   .          Rampage  .   (no gloves)
Will    .....                   (no boots)
Stlth   ++++......              (no amulet)
HPRegen 0.15/turn               (no ring)
MPRegen 0.10/turn               (no ring)

@: corroded
A: fangs 1, strong nose, distributed training
a: no special abilities


You were on level 6 of the Dungeon.
You visited 1 branch of the dungeon, and saw 3 of its levels.

Inventory:

Hand Weapons
 a - a +0 short sword (weapon)
Armour
 b - a +0 leather armour (worn)
Wands
 g - a wand of digging (3)
Scrolls
 c - a scroll of fog
 d - a scroll of magic mapping
 e - a scroll of fear
Potions
 f - a potion of haste


   Skills:
 + Level 6.7 Fighting
 + Level 4.8 Short Blades
 + Level 1.4 Long Blades
 + Level 1.4 Axes
 + Level 1.4 Maces & Flails
 + Level 1.4 Polearms
 + Level 1.4 Staves
 + Level 1.4 Ranged Weapons
 + Level 1.4 Throwing
 + Level 1.4 Armour
 + Level 4.8 Dodging
 + Level 9.7 Stealth
 + Level 1.4 Shields
 + Level 1.4 Unarmed Combat
 + Level 1.4 Spellcasting
 + Level 1.1 Conjurations
 + Level 1.1 Hexes
 + Level 1.1 Summonings
 + Level 1.1 Necromancy
 + Level 1.1 Translocations
 + Level 1.1 Transmutations
 + Level 1.1 Fire Magic
 + Level 1.1 Ice Magic
 + Level 1.1 Air Magic
 + Level 1.1 Earth Magic
 + Level 1.1 Poison Magic
 + Level 1.6 Invocations
 + Level 1.4 Evocations


You had 6 spell levels left.
You didn't know any spells.
Your spell library was empty.

Dungeon Overview and Level Annotations

Branches:
Dungeon (7/15)
 Temple: D:4-7

Altars:
Okawaru


Innate Abilities, Weirdness & Mutations

You have very sharp teeth.
Your uncanny sense of smell can sniff out nearby items.
Your experience applies equally to all skills.


Message History

Found an iron altar of Okawaru. 3 gnolls come into view.
Found a trident and 9 gold pieces.
There is a stone staircase leading down here.
A jelly comes into view.
The jelly quivers.
The jelly hits you.
You are splashed with acid.
The jelly barely misses you.
You hit the jelly.
Your hands burn!
The jelly is moderately wounded.
The jelly barely misses you.
You hit the jelly but do no damage.
Your hands burn!
You bite the jelly.
The jelly is moderately wounded.
The jelly hits you but does no damage.
You hit the jelly.
Your hands burn!
The jelly is heavily wounded.
The jelly hits you. The acid corrodes you!
You are splashed with acid!
You hit the jelly.
Your hands burn!
The jelly is severely wounded.
The jelly hits you.
* * * LOW HITPOINT WARNING * * *
You are splashed with acid!
* * * LOW HITPOINT WARNING * * *
You hit the jelly.
Your hands burn!
* * * LOW HITPOINT WARNING * * *
The jelly is almost dead.
The jelly closely misses you.
You completely miss the jelly.
The jelly is almost dead.
The jelly closely misses you.
You completely miss the jelly. You bite the jelly, but do no damage.
The jelly is almost dead.
The jelly barely misses you.
Unknown command.
You hit the jelly but do no damage.
Your hands burn!
* * * LOW HITPOINT WARNING * * *
The jelly is almost dead.
Unknown command.
You hit the jelly but do no damage.
Your hands burn!
You die...

#.....##..#.#
#....(##..#.###
#.#.####..#...###
#.#.# ##..#......
##.#.###........##
#..........#..#<#
#..#............#
#..#.####..#..#.#
#@J#.# #.(#..#.#
#.............#.#
#.##.####..##.#.#
#.##..........#..
#.##.####.#####.#
... # #.# #.# #.#


You could see a jelly.

Vanquished Creatures
  A bullfrog (D:6)
  A scorpion (D:5)
  An adder (D:5)
3 creatures vanquished.

Notes
Turn   | Place    | Note
-------+----------+-------------------------------------------
     0 | D:5      | Reached skill level 9 in Stealth
     0 | D:5      | MisterFreud the Gnoll Delver began the quest for the Orb.
     0 | D:5      | Reached XP level 1. HP: 23/23 MP: 1/1
    17 | D:5      | Noticed a scorpion
    24 | D:5      | Killed a scorpion
    25 | D:5      | Reached skill level 1 in Long Blades
    25 | D:5      | Reached skill level 1 in Axes
    25 | D:5      | Reached skill level 1 in Maces & Flails
    25 | D:5      | Reached skill level 1 in Polearms
    25 | D:5      | Reached skill level 1 in Staves
    25 | D:5      | Reached skill level 1 in Ranged Weapons
    25 | D:5      | Reached skill level 1 in Throwing
    25 | D:5      | Reached skill level 1 in Armour
    25 | D:5      | Reached skill level 1 in Shields
    25 | D:5      | Reached skill level 1 in Unarmed Combat
    25 | D:5      | Reached skill level 1 in Spellcasting
    25 | D:5      | Reached skill level 1 in Invocations
    25 | D:5      | Reached skill level 1 in Evocations
    25 | D:5      | Reached XP level 2. HP: 29/29 MP: 1/3
    25 | D:5      | Reached XP level 3. HP: 35/35 MP: 1/4
    25 | D:5      | Reached XP level 4. HP: 41/41 MP: 1/5
    49 | D:6      | Noticed a bullfrog
    52 | D:6      | Killed a bullfrog
    53 | D:6      | Reached skill level 1 in Conjurations
    53 | D:6      | Reached skill level 1 in Hexes
    53 | D:6      | Reached skill level 1 in Summonings
    53 | D:6      | Reached skill level 1 in Necromancy
    53 | D:6      | Reached skill level 1 in Translocations
    53 | D:6      | Reached skill level 1 in Transmutations
    53 | D:6      | Reached skill level 1 in Fire Magic
    53 | D:6      | Reached skill level 1 in Ice Magic
    53 | D:6      | Reached skill level 1 in Air Magic
    53 | D:6      | Reached skill level 1 in Earth Magic
    53 | D:6      | Reached skill level 1 in Poison Magic
    53 | D:6      | Reached XP level 5. HP: 47/47 MP: 3/7
    69 | D:6      | Found an iron altar of Okawaru.
    91 | D:6      | HP: 1/47 [acid (4)]
    95 | D:6      | Splashed by a jelly's acid

Illustrated notes

Levels and vault maps discovered:
D:5:      layout_basic, nicolae_yredelemnul_corpse_copse, portal_sewer_entry_e
D:6:      layout_loops_ring, mainiacjoe_overflow_small_starburst,
          mainiacjoe_overflow_paths, gammafunk_temple_overflow_statue,
          minmay_temple_entry_nine_rooms, uniq_grinder
D:7:      layout_loops_corners, kennysheep_doodads,
          minmay_hollow_rounded_squares

Skill      XL: |  1  2  3  4 |
---------------+-------------+-----
Stealth        | |  9.7
Long Blades    | 1 |  1.4
Axes           | 1 |  1.4
Maces & Flails | 1 |  1.4
Polearms       | 1 |  1.4
Staves         | 1 |  1.4
Ranged Weapons | 1 |  1.4
Throwing       | 1 |  1.4
Armour         | 1 |  1.4
Shields        | 1 |  1.4
Unarmed Combat | 1 |  1.4
Spellcasting   | 1 |  1.4
Invocations    | 1 |  1.6
Evocations     | 1 |  1.4
Conjurations   | 1 |  1.1
Hexes          | 1 |  1.1
Summonings     | 1 |  1.1
Necromancy     | 1 |  1.1
Translocations | 1 |  1.1
Transmutations | 1 |  1.1
Fire Magic     | 1 |  1.1
Ice Magic      | 1 |  1.1
Air Magic      | 1 |  1.1
Earth Magic    | 1 |  1.1
Poison Magic   | 1 |  1.1
Fighting       | |  6.7
Short Blades   | |  4.8
Dodging        | |  4.8

Action                   |  1- 3 |  4- 6 || total
-------------------------+-------+-------++-------
Melee: Short sword       |     1 |    11 ||    12
       Bite              |       |     2 ||     2
 Stab: Sleeping          |     1 |     2 ||     3
Armor: Leather armour    |       |     1 ||     1
Dodge: Dodged            |       |     5 ||     5
